Map: Galactic Process LE

Players

BossTerraN

  • Race: Terran Terran
  • League: Master

llllllllllll - Winner!

  • Race: Protoss Protoss
  • League: Master

VOD

Have the link to the VOD?

Description

the adept runaround ^^ w/ warp prism help of course

Time

  • Played on: July 19, 2016, 11:47 a.m.
  • Length: 7:02
Show
View Real Time Build Order
Export as new Build Order

BossTerraN Terran 

Build Orders: Reaper Expand 

Get SALT Encoding   

  12  0:00  SCV  
  13  0:13  SCV  
  14  0:17  Supply Depot  
  14  0:25  SCV  
  15  0:38  SCV  
  15  0:39  Barracks  
  16  0:44  Refinery  
  16  0:50  SCV  
  17  1:03  SCV  
  18  1:15  SCV  
  19  1:27  Reaper, Orbital Command  
  20  1:41  Command Center  
  20  1:51  Supply Depot  
  20  1:53  SCV  
  21  2:00  Barracks Reactor  
  21  2:05  SCV  
  22  2:18  Refinery, SCV  
  23  2:24  Factory  
  23  2:30  SCV  
  24  2:37  Marine x2  
  24  2:42  SCV  
  27  2:53  Orbital Command  
  27  2:54  SCV  
  27  2:57  Marine x2  
  30  3:06  SCV  
  30  3:12  Starport  
  31  3:20  Widow Mine x2  
  31  3:21  SCV x2  
  31  3:25  Supply Depot  
  37  3:33  SCV x2  
  39  3:37  Marine  
  40  3:45  SCV x2  
  41  3:48  Widow Mine x2, Engineering Bay  
  41  3:49  Medivac  
  47  3:57  SCV, Barracks Tech Lab  
  47  3:58  Barracks  
  47  3:59  SCV  
  49  4:09  SCV  
  50  4:11  SCV  
  50  4:15  Missile Turret  
  51  4:17  Widow Mine  
  51  4:20  Missile Turret  
  51  4:21  SCV  
  51  4:23  Supply Depot  
  54  4:26  Supply Depot, Stimpack  
  54  4:44  Widow Mine  
  54  4:45  Marauder, SCV x2, Medivac  
  62  4:46  Barracks Reactor  
  62  4:52  Supply Depot  
  62  4:54  Widow Mine  
  62  4:57  SCV x2  
  66  5:04  Command Center  
  66  5:06  Marauder  
  68  5:11  Barracks  
  44  5:36  Marauder, Marine  
  44  5:40  Widow Mine x2  
  48  5:54  Marine x2  
  37  5:58  Marauder  
  33  6:11  Marine x2  
  35  6:20  Marine  
  32  6:29  Marine  
  30  6:36  SCV  
  29  6:40  SCV x2  
Show
View Real Time Build Order
Export as new Build Order

llllllllllll Protoss - Winner!

Build Orders: 1 Gate Expand 

Get SALT Encoding   

  12  0:00  Probe (Chrono Boost)  
  13  0:11  Probe (Chrono Boost)  
  14  0:18  Pylon  
  14  0:22  Probe (Chrono Boost)  
  15  0:36  Probe (Chrono Boost), Gateway  
  15  0:42  Assimilator  
  16  0:47  Probe (Chrono Boost)  
  17  0:57  Probe (Chrono Boost)  
  18  1:08  Probe (Chrono Boost)  
  19  1:23  Nexus  
  19  1:26  Probe (Chrono Boost)  
  20  1:37  Cybernetics Core  
  21  1:40  Probe (Chrono Boost)  
  21  1:49  Assimilator  
  21  1:50  Probe (Chrono Boost)  
  22  1:56  Pylon  
  22  2:01  Probe (Chrono Boost)  
  23  2:14  Warp Gate  
  23  2:15  Mothership Core (Chrono Boost)  
  25  2:16  Adept  
  27  2:33  Probe (Chrono Boost)  
  28  2:37  Probe (Chrono Boost)  
  28  2:41  Robotics Facility  
  30  2:44  Probe (Chrono Boost)  
  30  2:48  Probe (Chrono Boost)  
  31  2:54  Probe (Chrono Boost)  
  32  2:58  Twilight Council  
  32  2:59  Probe (Chrono Boost)  
  33  3:07  Probe (Chrono Boost)  
  33  3:10  Probe (Chrono Boost)  
  35  3:18  Probe (Chrono Boost)  
  36  3:20  Probe (Chrono Boost)  
  36  3:22  Gateway  
  37  3:29  Resonating Glaives, Gateway  
  37  3:30  Observer  
  38  3:35  Probe x2 (Chrono Boost)  
  40  3:41  Pylon  
  40  3:45  Probe (Chrono Boost)  
  40  3:47  Probe (Chrono Boost)  
  42  3:50  Warp Prism  
  44  3:56  Probe (Chrono Boost)  
  45  4:05  Gateway  
  45  4:06  Gateway  
  47  4:16  Pylon  
  45  4:22  Adept x2  
  49  4:24  Adept  
  49  4:25  Pylon  
  49  4:28  Observer  
  54  4:39  Probe (Chrono Boost)  
  54  4:40  Probe (Chrono Boost)  
  54  4:52  Probe x2 (Chrono Boost)  
  56  5:02  Pylon  
  56  5:03  Adept x3  
  56  5:04  Probe x2 (Chrono Boost)  
  56  5:05  Adept x2  
  64  5:23  Adept  
  64  5:24  Adept x2  
  64  5:28  Adept x2  
  66  5:47  Adept x3  
  70  5:51  Adept x2  
  54  6:09  Adept  
  54  6:10  Adept x2  
  58  6:23  Adept x2  
  60  6:32  Adept x3  
  62  6:47  Adept x2  
  66  6:57  Adept  
  66  6:58  Adept x2  
Tags
 
Add a new tag
Caveats
  • Supply blocks, unpowered buildings, or Contaminate may cause inaccurate times.
  • Supply counts are checked every 10 seconds.